 Dungeon Crawl Stone Soup version 0.23-a0-303-gfcac5de (webtiles) character file.

80 DrChives the Covered (level 4, 0/40 HPs)
             Began as a Minotaur Fighter on Oct 8, 2018.
             Slain by Natasha (3 damage)
             ... on level 3 of the Dungeon.
             The game lasted 00:05:50 (1534 turns).

DrChives the Covered (Minotaur Fighter)             Turns: 1534, Time: 00:05:53

Health: 0/40       AC:  8    Str: 22    XL:     4   Next: 18%
Magic:  3/3        EV:  7    Int:  5    God:
Gold:   67         SH:  0    Dex:  9    Spells: 3/3 levels left

rFire    . . .     SeeInvis .   a - +1 trident
rCold    . . .     Gourm    .   c - +0 shield
rNeg     . . .     Faith    .   b - +0 scale mail
rPois    .         Spirit   .   (helmet restricted)
rElec    .         Reflect  .   n - +0 cloak
rCorr    .         Harm     .   (no gloves)
MR       .....                  (no boots)
Stlth    ..........             (no amulet)
HPRegen  0.13/turn              (no ring)
MPRegen  0.08/turn              (no ring)

@: confused
A: retaliatory headbutt, horns 2
a: no special abilities


You were on level 3 of the Dungeon.
You were not hungry.

You visited 1 branch of the dungeon, and saw 3 of its levels.

You collected 67 gold pieces.

Inventory:

Hand Weapons
 a - a +1 trident (weapon)
Armour
 b - a +0 scale mail (worn)
 c - a +0 shield (worn)
 n - a +0 cloak (worn)
Scrolls
 e - 3 scrolls of teleportation
 h - a scroll of remove curse
 i - a scroll of magic mapping
 k - a scroll of identify
Potions
 d - a potion of might
 j - 3 potions of curing {unknown}
 m - a potion of heal wounds {unknown}
Comestibles
 f - 3 rations


   Skills:
 + Level 4.0 Fighting
 + Level 3.5 Polearms
 + Level 4.5 Armour
 + Level 0.1 Dodging
 + Level 4.3 Shields


You had 3 spell levels left.
You didn't know any spells.
Your spell library was empty.

Dungeon Overview and Level Annotations

Branches:
Dungeon (3/15)

Altars:

Annotations:
D:3 Natasha


Innate Abilities, Weirdness & Mutations

You reflexively headbutt those who attack you in melee.
You have a pair of horns on your head.


Message History

The goblin shoots a stone.
The stone hits you but does no damage.
You see here a stone.
Found 16 gold pieces.
The goblin shoots a stone.
You are confused.
Natasha casts a spell at you. The magic dart hits you!
* * * LOW HITPOINT WARNING * * *
Natasha stares at you and mumbles some strange words.
You resist with some effort.
You're too confused to move!
The goblin shoots a stone.
The orc hits you but does no damage.
You hit the goblin.
You kill the goblin!
The orc hits you with a short sword of speed.
* * * LOW HITPOINT WARNING * * *
Natasha mumbles some strange words.
Natasha glows brightly for a moment.
Natasha claws you.
You die...

.. .# #. .# #....
#.#.# #### #.#.#
....##.#.######
##....$....... ###
#..##.@.#.....
...##....ho)..#$#
......?...r.......#
.
............o..#####
. #.......##g.##.#
.. #.......§.(.# ...
.####.....(§o.##
##.# ...#(......##.#
..# .......5....(.#
.#


You could see Natasha, 3 orcs, a goblin and a rat.

Vanquished Creatures
  A gnoll (D:1)
  2 adders (D:2)
  A worm (D:2)
  A dart slug (D:2)
  2 leopard geckos (D:1)
  4 bats
  3 giant cockroaches
  8 goblins
  4 hobgoblins
  7 kobolds
  A quokka (D:2)
  3 frilled lizards
  5 rats
42 creatures vanquished.

Notes
Turn   | Place    | Note
-------+----------+-------------------------------------------
     0 | D:1      | DrChives the Minotaur Fighter began the quest for the Orb.
     0 | D:1      | Reached XP level 1. HP: 19/19 MP: 0/0
    78 | D:1      | Reached XP level 2. HP: 27/27 MP: 1/1
   311 | D:1      | Reached XP level 3. HP: 29/33 MP: 2/2
  1268 | D:2      | Reached XP level 4. HP: 29/40 MP: 3/3
  1494 | D:3      | Noticed Natasha
  1507 | D:3      | HP: 2/40 [orc (2)]
  1534 | D:3      | Slain by Natasha

Vault maps used:
D:1:      sevenhm_arrival_forest_fort_small_4
D:2:      first_ration
D:3:      kennysheep_goblin_castle, uniq_natasha, uniq_terence, uniq_sigmund

Skill      XL: |  1  2  3 |
---------------+----------+-----
Fighting       | 4 |  4.0
Armour         | 4 |  4.5
Shields        | 4 |  4.3
Polearms       | 3 |  3.5
Dodging        | |  0.1

Action                   |  1- 3 |  4- 6 || total
-------------------------+-------+-------++-------
Melee: Trident           |   106 |     5 ||   111
       Headbutt          |     8 |       ||     8
  Use: Scroll            |     5 |     1 ||     6
  Eat: Ration            |     1 |       ||     1
Armor: Scale mail        |    56 |    11 ||    67
Dodge: Dodged            |    26 |    10 ||    36
Block: Shield            |    51 |     6 ||    57

Table legend:
 A = Non-vault XP
 B = Vault XP
 C = Vault XP percentage of total XP
 D = Non-vault monster count
 E = Vault monster count
 F = Vault count percentage of total count
                 A         B        C        D         E       F
            +---------+---------+-------+---------+---------+-------
      Total |     115 |       0 |   0.0 |      42 |       0 |   0.0
            +---------+---------+-------+---------+---------+-------
        D:1 |      61 |       0 |   0.0 |      26 |       0 |   0.0
        D:2 |      50 |       0 |   0.0 |      14 |       0 |   0.0
        D:3 |       4 |       0 |   0.0 |       2 |       0 |   0.0
            +---------+---------+-------+---------+---------+-------
